 Dungeon Crawl Stone Soup version 0.27.0-1-g7a089689b8 (webtiles) character file.

Game seed: 4513064643237100987

244 lexdn1 the Chopper (level 6, -7/55 HPs)
             Began as a Hill Orc Berserker on Aug 13, 2021.
             Was a Believer of Trog.
             Killed from afar by Sigmund (9 damage)
             ... with a puff of flame
             ... on level 4 of the Dungeon.
             The game lasted 00:07:44 (3385 turns).

lexdn1 the Chopper (Hill Orc Berserker)             Turns: 3385, Time: 00:07:48

Health: -7/55      AC: 11    Str: 22    XL:     6   Next: 10%
Magic:  6/6        EV:  8    Int:  7    God:    Trog [**....]
Gold:   92         SH:  0    Dex: 10    Spells: 5/5 levels left

rFire    . . .     SeeInvis .   a - +0 hand axe
rCold    . . .     Faith    .   (no shield)
rNeg     . . .     Spirit   .   p - +0 chain mail
rPois    .         Reflect  .   (no helmet)
rElec    .         Harm     .   (no cloak)
rCorr    .         Rampage  .   k - +1 pair of gloves
Will     .....                  (no boots)
Stlth    ..........             i - amulet of the acrobat
HPRegen  0.18/turn              (no ring)
MPRegen  0.10/turn              (no ring)

@: confused
A: no striking features
a: Renounce Religion, Berserk, Trog's Hand


You were on level 4 of the Dungeon.
You worshipped Trog.
Trog was pleased with you.
You visited 1 branch of the dungeon, and saw 4 of its levels.

You collected 92 gold pieces.

Inventory:

Hand Weapons
 a - a +0 hand axe (weapon)
Armour
 b - a +0 animal skin
 j - a +0 pair of gloves
 k - a +1 pair of gloves (worn)
 p - a +0 chain mail (worn)
Jewellery
 i - an amulet of the acrobat (around neck)
 s - a ring of willpower
Scrolls
 c - a scroll of acquirement {unknown}
 e - 3 scrolls of blinking {unknown}
 l - 4 scrolls of identify {unknown}
 m - a scroll of amnesia {unknown}
 r - a scroll of torment {unknown}
 t - a scroll of fear {unknown}
Potions
 d - a potion of cancellation {unknown}
 f - a potion of resistance {unknown}
 g - a potion of might {unknown}
 h - 2 potions of curing {unknown}
 n - a potion of invisibility {unknown}
 o - a potion of flight {unknown}
 q - a potion of heal wounds {unknown}
 u - a potion of brilliance {unknown}
 v - a potion of berserk rage {unknown}


   Skills:
 + Level 4.9 Fighting
 + Level 6.9 Axes
 + Level 3.1 Armour
 + Level 2.1 Dodging
 + Level 0.2 Stealth


You had 5 spell levels left.
You didn't know any spells.
Your spell library was empty.

Dungeon Overview and Level Annotations

Branches:
Dungeon (4/15)
 Temple: D:4-7

Altars:
Fedhas
Nemelex Xobeh
Okawaru
Uskayaw
Vehumet

Shops:
D:1 **

Annotations:
D:4 Sigmund


Message History

The magic dart hits you.
You hit Sigmund but do no damage.
Sigmund is severely wounded.
Sigmund barely misses you. Sigmund misses you.
You bump into the rock wall.
You feel less confused.
Sigmund hits you from afar with a +0 scythe.
Sigmund gestures wildly while chanting.
Sigmund flickers and vanishes!
Deactivating autopickup; reactivate with Ctrl-A.
Something hits you but does no damage.
You miss something.
You hear some strange, mumbled words.
You are confused.
You bump into the rock wall.
Something hits you!
You bump into the rock wall.
You hear some strange, mumbled words.
You are more confused.
You bump into the rock wall.
Something hits you!
You bump into the rock wall.
Something hits you.
* * * LOW HITPOINT WARNING * * *
You closely miss something.
You hear some strange, mumbled words.
A magic dart appears from out of thin air!
The magic dart hits you but does no damage.
Okay, then.
You hit something but do no damage. Something hits you but does no damage.
You bump into the rock wall.
Something hits you.
* * * LOW HITPOINT WARNING * * *
You bump into the rock wall.
Something hits you.
* * * LOW HITPOINT WARNING * * *
You bump into the rock wall.
Something hits you.
* * * LOW HITPOINT WARNING * * *
You bump into the rock wall.
A kobold comes into view.
It is wielding a +1 vampiric short sword and quivering poisoned darts.
You hear some strange, mumbled words.
A puff of flame appears from out of thin air!
The puff of flame hits you!
You die...

....#.############........#
###.......................#
.####..###########........#
.#####....########........#
..........................#
#.#######..#######........#
### ##..## #........#
##..#####........#
##....@########## #####{#
#..# ..... #.......
.......... ...........
##....K.... ##.......#


You could see a kobold (wandering).

Vanquished Creatures
  A necrophage (D:4)
  A water moccasin skeleton (D:4)
  An iguana (D:4)
  4 adders
  An orc (D:4)
  6 endoplasms
  6 goblins
  2 hobgoblins (D:2)
  3 jackals (D:2)
  4 kobolds
  3 quokkas
  4 ball pythons
  5 bats
  3 frilled lizards
  5 rats
49 creatures vanquished.

Vanquished Creatures (others)
  A plant (D:4)
1 creature vanquished.

Grand Total: 50 creatures vanquished

Notes
Turn   | Place    | Note
-------+----------+-------------------------------------------
     0 | D:1      | lexdn1 the Hill Orc Berserker began the quest for the Orb.
     0 | D:1      | Reached XP level 1. HP: 19/19 MP: 1/1
   110 | D:1      | Found Berph's General Store.
   505 | D:1      | Reached XP level 2. HP: 26/27 MP: 2/2
   966 | D:1      | Found Afilyrch's General Store.
  1027 | D:1      | Found a faded altar of an unknown god.
  1282 | D:2      | Found a sparkling altar of Nemelex Xobeh.
  1319 | D:2      | Reached XP level 3. HP: 31/34 MP: 3/3
  2166 | D:3      | Reached XP level 4. HP: 39/41 MP: 4/4
  2167 | D:3      | Reached skill level 5 in Axes
  2376 | D:3      | Found a radiant altar of Vehumet.
  2447 | D:3      | Found a blossoming altar of Fedhas.
  2523 | D:3      | Found a hide-covered altar of Uskayaw.
  2538 | D:3      | Found an iron altar of Okawaru.
  2799 | D:4      | Reached XP level 5. HP: 34/47 MP: 5/5
  3040 | D:4      | Reached skill level 6 in Axes
  3239 | D:4      | Noticed a necrophage
  3266 | D:4      | Killed a necrophage
  3266 | D:4      | Reached ** piety under Trog
  3267 | D:4      | Reached XP level 6. HP: 45/55 MP: 6/6
  3359 | D:4      | Noticed Sigmund
  3384 | D:4      | HP: 2/55 [something (2)]
  3385 | D:4      | Killed from afar by Sigmund

Illustrated notes

Levels and vault maps discovered:
D:1:      matt_arrival_los_fun, layout_basic, serial_shops,
          nicolae_shop_competitors_out_of_business, nicolae_shop_stone,
          dilly_ecumenical_altar_fadedgnrine
D:2:      layout_basic, basic_altar
D:3:      layout_basic, nicolae_overflow_quartered_altars
D:4:      layout_rooms, cheibriados_altar_1, nzn_hepliaklqana_mist_gate,
          corexii_shack, uniq_sigmund

Skill      XL: |  1  2  3  4  5 |
---------------+----------------+-----
Fighting       | 4 |  4.9
Dodging        | 2 |  2.1
Axes           | 5 6 |  6.9
Armour         | 3 |  3.1
Stealth        | |  0.2

Action                   |  1- 3 |  4- 6 || total
-------------------------+-------+-------++-------
Melee: Hand axe          |    84 |    95 ||   179
Invok: Berserk           |       |     1 ||     1
Armor: Animal skin       |    23 |       ||    23
       Chain mail        |    11 |    47 ||    58
Dodge: Dodged            |    63 |    50 ||   113
